 Dungeon Crawl Stone Soup version 0.26.0-16-gc1dbca0489 (webtiles) character file.

Game seed: 14589065431567551361

263 EnegeticOcto the Chopper (level 5, 0/46 HPs)
             Began as a Deep Dwarf Delver on Jan 20, 2021.
             Was an Initiate of Ru.
             Slain by a two-headed ogre
             ... wielding a +0 giant spiked club
              (14 damage)
             ... on level 6 of the Dungeon.
             The game lasted 00:02:19 (257 turns).

EnegeticOcto the Chopper (Deep Dwarf Delver)         Turns: 257, Time: 00:02:20

Health: 0/46       AC:  6    Str: 17    XL:     5   Next: 98%
Magic:  2/2        EV: 11    Int: 10    God:    Ru [......]
Gold:   13         SH:  0    Dex: 14    Spells: 4/4 levels left

rFire    . . .     SeeInvis .   h - +0 war axe
rCold    . . .     Faith    .   (no shield)
rNeg     . . .     Spirit   .   i - +0 ring mail
rPois    .         Reflect  .   (no helmet)
rElec    .         Harm     .   (no cloak)
rCorr    .         Rampage  .   (no gloves)
Will     .....                  d - +0 pair of boots
Stlth    ++........             (no amulet)
HPRegen  0.00/turn              (no ring)
MPRegen  0.08/turn              (no ring)

@: non-regenerating
A: damage resistance, heal wounds, sense surroundings 1, no regeneration
a: Heal Wounds, Renounce Religion


You were on level 6 of the Dungeon.
You worshipped Ru.
Ru was noncommittal.
You visited 1 branch of the dungeon, and saw 3 of its levels.

You collected 13 gold pieces.

Inventory:

Hand Weapons
 a - a +0 hand axe
 h - a +0 war axe (weapon)
   (You took it off an orc on level 5 of the Dungeon)
Missiles
 m - 10 poisoned darts
Armour
 b - a +0 leather armour
 d - a +0 pair of boots (worn)
   (You found it on level 5 of the Dungeon)
 i - a +0 ring mail (worn)
   (You took it off an orc on level 5 of the Dungeon)
Wands
 g - a wand of digging (2) {@v3}
 n - a wand of flame (19) {@v4}
   (You found it on level 6 of the Dungeon)
Scrolls
 c - a scroll of fog {!r}
 e - a scroll of fear {!r}
 k - a scroll of remove curse {unknown}
 l - a scroll of blinking {unknown}
Potions
 f - a potion of haste {@q4 !q}
 j - a potion of brilliance {unknown}


   Skills:
 - Level 2.6 Fighting
 + Level 6.9 Axes
 - Level 2.1 Dodging
 - Level 6.0 Stealth


You had 4 spell levels left.
You didn't know any spells.
Your spell library was empty.

Dungeon Overview and Level Annotations

Branches:
Dungeon (6/15)
 Temple: D:4-7

Altars:
Ru

Shops:
D:5 :!


Innate Abilities, Weirdness & Mutations

You are resistant to damage.
You can heal yourself by infusing magical energy.
You passively map a small area around you.
You do not regenerate.


Message History

The worker ant misses you.
You barely miss the ogre.
The ogre is almost dead.
You hit the worker ant. The worker ant barely misses you.
The ogre hits you with a +0 giant club.
You hit the ogre.
You kill the ogre!
You hit the worker ant. The worker ant closely misses you.
The worker ant barely misses you.
You hit the worker ant but do no damage.
The worker ant is severely wounded.
The worker ant misses you.
You barely miss the worker ant.
The worker ant is severely wounded.
The worker ant bites you but does no damage.
The worker ant barely misses you.
You slash the worker ant!
You kill the worker ant!
You see here a worker ant corpse.
Evoke which item? (* to show all) (? for menu, Esc to quit)
Aiming: Dig
Press: ? - help, Shift-Dir - straight line Digging in that direction won't affect any walls.
Okay, then.
You hear the slow hiss of a very distant avalanche of sand.
You see here 21 stones.
There is a stone staircase leading down, spattered with blood here.
Things that are here:
a +0 giant spiked club; an ogre corpse
Found an escape hatch in the floor.
There is a stone staircase leading down here.
You climb downwards.
Found 15 stones.
Found a stone staircase leading down.
There is a stone staircase leading up here.
Your magical essence is drained by the effort!
You feel much better.
Found a stone staircase leading up.
There is a stone staircase leading up here.
You climb upwards.
You hear the hiss of flowing sand.
There is an entrance to an ossuary on this level.
Hurry and find it before the portal is buried!
Found 13 gold pieces.
There is a stone staircase leading down here.
You hear the slow hiss of a distant avalanche of sand.
You now have 13 gold pieces.
There is a stone staircase leading down here.
You climb downwards.
There is a stone staircase leading up here.
Found a scroll labelled SOUTY ZUKOINITS.
Found a scroll labelled NECERENW IMOE.
k - a scroll labelled SOUTY ZUKOINITS
l - a scroll labelled NECERENW IMOE You see here 10 poisoned darts.
m - 10 poisoned darts
(D) Dungeon
Where to? (Enter - D:4 @ (x,y), ? - help)
There is a stone staircase leading up here.
There is a stone staircase leading down here.
You climb downwards.
Found a stone staircase leading down.
There is a stone staircase leading up here.
Found 26 stones.
Found a bone wand.
You open the gate.
n - a wand of flame (20) {@v4}
Found an escape hatch in the floor.
A two-headed ogre comes into view.
It is wielding two +0 giant spiked clubs.
The two-headed ogre shouts in stereo!
You hear a shout!
Evoke which item? (* to show all) (? for menu, Esc to quit)
Aiming: Throw Flame
Press: ? - help, Shift-Dir - straight line, f - two-headed ogre
Aim: a two-headed ogre, wielding two +0 giant spiked clubs (15% to evade)
The puff of flame hits the two-headed ogre.
The two-headed ogre is lightly wounded.
You hit the two-headed ogre.
The two-headed ogre is lightly wounded.
The two-headed ogre hits you with a +0 giant spiked club.
The two-headed ogre hits you with a +0 giant spiked club!
You hit the two-headed ogre.
The two-headed ogre is lightly wounded.
The two-headed ogre hits you with a +0 giant spiked club!
The two-headed ogre hits you with a +0 giant spiked club!!
* * * LOW HITPOINT WARNING * * *
You feel much better.
You hit the two-headed ogre.
The two-headed ogre is lightly wounded.
The two-headed ogre hits you with a +0 giant spiked club!!
* * * LOW HITPOINT WARNING * * *
The two-headed ogre completely misses you.
You feel much better.
The two-headed ogre hits you but does no damage.
The two-headed ogre hits you with a +0 giant spiked club!!
You feel much better.
The two-headed ogre hits you with a +0 giant spiked club!!
Ouch! That really hurt!
The two-headed ogre hits you but does no damage.
You fail to use your ability.
You fail to use your ability.
The two-headed ogre hits you with a +0 giant spiked club!
You die...

.#.# #.. .#.# ... , ##.#
* #.. ...# * ####.#,** *
...# * , ..#.# * ...# *
#.#.# *#
...###########.#O##..###,
...+............@.......
,
.....#########.#.###..##
, , ##'''# #.#.# *
##...####* #.#.# , * ,
##...###☼* **#.#.#* , , ,
##.⌠.##°☼☼# #>#.# , ,
.#...#○°°☼§ #.#.#* ,*
##...##○○§#* ..#.#
##...###§## * * **


You could see a two-headed ogre.

Vanquished Creatures
  2 ogres (D:4)
  A hound (D:4)
  An orc wizard (D:5)
  A worker ant (D:4)
  A worker ant zombie (D:5)
  A leopard gecko (D:5)
  4 orcs (D:5)
11 creatures vanquished.

Vanquished Creatures (others)
  A plant (D:6)
1 creature vanquished.

Grand Total: 12 creatures vanquished

Notes
Turn   | Place    | Note
-------+----------+-------------------------------------------
     0 | D:5      | EnegeticOcto the Deep Dwarf Delver began the quest for the
                  | Orb.
     0 | D:5      | Reached XP level 1. HP: 20/20 MP: 1/1
     2 | D:4      | Noticed an ogre
     7 | D:4      | Your magical essence is drained by the effort!
    11 | D:4      | Killed an ogre
    12 | D:4      | Reached skill level 5 in Axes
    12 | D:4      | Reached XP level 2. HP: 10/27 MP: 1/1
    12 | D:4      | Reached XP level 3. HP: 13/33 MP: 2/2
    12 | D:4      | Reached XP level 4. HP: 16/40 MP: 3/3
    21 | D:5      | Your magical essence is drained by the effort!
    38 | D:5      | Found Sang's Distillery.
    87 | D:4      | Reached skill level 6 in Axes
    87 | D:4      | Reached XP level 5. HP: 29/46 MP: 3/3
    96 | D:4      | Found a sacrificial altar of Ru.
   102 | D:4      | Noticed an ogre
   104 | D:4      | Became a worshipper of Ru the Awakened
   112 | D:4      | Killed an ogre
   167 | D:5      | Your magical essence is drained by the effort!
   247 | D:6      | Noticed a two-headed ogre
   257 | D:6      | Slain by a two-headed ogre

Illustrated notes

Levels and vault maps discovered:
D:4:      kb_forest_paths, layout_loops_ring, general_overflow_altar,
          overflow_temple_1_default, marbit_many_paths, enter_ossuary_2,
          serial_glass, glass_columns_c, glass_columns_a, minmay_manual_mail,
          uniq_ijyb
D:5:      layout_rooms, old_standard_altar, serial_shops, shop,
          nicolae_shop_waterfront, shop, nicolae_shop_window_shopping,
          nicolae_shop_overgrown_old_shop
D:6:      kennysheep_kobold_camp, layout_basic, nemelex_altar_shiori,
          minmay_temple_entry_grid, serial_shops,
          nicolae_shop_temple_entry_statues_fountains, serial_bayou_pond_e,
          serial_bayou_pond_a, minivault_27, uniq_pikel

Skill      XL: |  1  2  3  4 |
---------------+-------------+-----
Axes           | 5 6 |  6.9
Fighting       | |  2.6
Dodging        | |  2.1
Stealth        | |  6.0

Action                   |  1- 3 |  4- 6 || total
-------------------------+-------+-------++-------
Melee: Hand axe          |     8 |     9 ||    17
       War axe           |       |    19 ||    19
 Abil: Heal Wounds       |     1 |     5 ||     6
Evoke: Wand              |       |     2 ||     2
  Use: Scroll            |       |     1 ||     1
 Stab: Sleeping          |       |     1 ||     1
Armor: Leather armour    |       |     8 ||     8
       Ring mail         |       |     2 ||     2
Dodge: Dodged            |     2 |    34 ||    36
